 Dungeon Crawl Stone Soup version 0.28.0-1-gb440e238dd (webtiles) character file.

Game seed: 13928247499636081578

250 Peloso the Covered (level 5, -5/42 (47) HPs)
             Began as a Minotaur Fighter on Feb 21, 2022.
             Slain by Natasha (8 damage)
             ... on level 4 of the Dungeon.
             The game lasted 00:04:55 (2865 turns).

Peloso the Covered (Minotaur Fighter)               Turns: 2865, Time: 00:04:56

HP:   -5/42 (47)    AC:  0    Str: 19 (21) XL:     5   Next: 88%
MP:   4/4           EV: 13    Int:  4 (5)  God:
Gold: 178           SH:  0    Dex:  8 (11) Spells: 4/4 levels left

rFire   . . .      SeeInvis .     - Unarmed
rCold   . . .      Faith    .   (shield currently unavailable)
rNeg    . . .      Spirit   .   (armour currently unavailable)
rPois   .          Reflect  .   (helmet currently unavailable)
rElec   .          Harm     .   (cloak currently unavailable)
rCorr   .          Rampage  .   (gloves currently unavailable)
Will    .....                   (boots currently unavailable)
Stlth   +.........              (no amulet)
HPRegen 0.14/turn               (ring currently unavailable)
MPRegen 0.09/turn               (ring currently unavailable)

@: pig-form (expiring), slowed, heavily drained
A: fast, no casting, small, (horns 2), (retaliatory headbutt)
a: no special abilities


You were on level 4 of the Dungeon.
You were a filthy swine.
You visited 2 branches of the dungeon, and saw 5 of its levels.

You collected 255 gold pieces.
You spent 77 gold pieces at shops.

Inventory:

Hand Weapons
 a - a +0 long sword (melded)
Armour
 b - a +0 scale mail
 c - a +0 buckler (melded)
 g - a +0 chain mail (melded)
 j - a +0 pair of gloves (melded)
Wands
 n - a wand of polymorph (3)
Scrolls
 h - a scroll of fear {unknown}
 i - 2 scrolls of magic mapping
 k - a scroll of noise {unknown}
 l - a scroll of enchant armour {unknown}
 m - a scroll of identify
 p - a scroll of teleportation {unknown}
 q - a scroll of brand weapon {unknown}
Potions
 d - a potion of might
 e - a potion of degeneration
 o - a potion of berserk rage {unknown}


   Skills:
 + Level 4.9 Fighting
 + Level 4.0 Long Blades
 + Level 5.2 Armour
 + Level 1.2 Dodging
 + Level 4.6 Shields
 + Level 1.0 Unarmed Combat


You had 4 spell levels left.
You didn't know any spells.
Your spell library contained the following spells:

 Spells                   Type           Power      Damage    Failure   Level
 Ensorcelled Hibernation  Hex/Ice        0%         N/A       65%         2
 Passwall                 Tmut/Erth      0%         N/A       65%         2
 Gell's Gravitas          Tloc           0%         N/A       86%         3
 Lesser Beckoning         Tloc           0%         N/A       86%         3
 Swiftness                Air            0%         N/A       86%         3
 Teleport Other           Tloc           0%         N/A       86%         3
 Fireball                 Conj/Fire      0%         3d3       100%        5
 Starburst                Conj/Fire      0%         6d3       100%        6
 Ignition                 Fire           0%         3d3       100%        8


Dungeon Overview and Level Annotations

Branches:
Dungeon (4/15)             Temple (1/1) D:4

Altars:
Ashenzari
Cheibriados
Dithmenos
Elyvilon
Fedhas
Gozag
Hepliaklqana
Kikubaaqudgha
Makhleb
Nemelex Xobeh
Ru
Sif Muna
Trog
Uskayaw
Vehumet
Wu Jian
Xom
Yredelemnul
The Shining One

Shops:
D:3 ?[[

Annotations:
D:2 Sigmund
D:4 Natasha


Innate Abilities, Weirdness & Mutations

You are a filthy swine.
You move quickly.
Your equipment is almost entirely melded.
You are incapable of wielding weapons or throwing items.
You cannot cast spells.
((You have a pair of horns on your head.))
((You reflexively headbutt those who attack you in melee.))


Message History

Your +0 long sword melds into your body.
Your +0 pair of gloves melds into your body.
Your +0 buckler melds into your body.
Your +0 chain mail melds into your body.
Natasha stares at you and mumbles some strange words.
You resist with some effort.
Natasha stares at you and mumbles some strange words.
You feel yourself slow down. Natasha claws you!
You hit Natasha.
Natasha is lightly wounded.
Natasha claws you. Natasha completely misses you.
You hit Natasha but do no damage.
Natasha is lightly wounded.
Natasha closely misses you.
You barely miss Natasha.
Natasha is lightly wounded.
Natasha claws you.
Natasha stares at you and mumbles some strange words.
The magic dart hits you!
* * * LOW HITPOINT WARNING * * *
You hit Natasha.
Natasha is heavily wounded.
Natasha closely misses you.
You closely miss Natasha.
Natasha is heavily wounded.
Natasha closely misses you.
You closely miss Natasha.
Natasha is heavily wounded.
Natasha misses you. Natasha casts a spell at you. The magic dart hits you.
* * * LOW HITPOINT WARNING * * *
It was a potion of degeneration.
There was something very wrong with that liquid.
You feel weakened.
You feel dopey.
You feel clumsy.
Your transformation is almost over.
Natasha barely misses you.
It was a potion of magic.
Magic courses through your body. Natasha claws you!
You die...

............#..#....#...<....#
...............##...##.......#
_..._.........##............##
..................###.#....####
..8..............## ####......##
.......†..........# #####......##
_..._............## #...........#
........##.##.....###..##.##...##
...........#...hh........##....#
..##...............#.##.......##
..)>..#............####......##
.)##..##............###..##.##
..##.###.........#.##.†.###.#
.....###...#.....#.......####
#.....#..................#
......#................###
......................#..#


You could see Natasha.

Vanquished Creatures
  A scorpion (D:4)
  A hound (D:4)
  Terence (D:3)
  Natasha (twice) (D:4)
  2 adders (D:3)
  An adder skeleton (D:4)
  3 dart slugs
  An orc (D:4)
  3 ball pythons
  6 endoplasms
  A giant cockroach (D:4)
  12 goblins
  6 hobgoblins
  3 jackals (D:3)
  6 kobolds
  4 quokkas
  2 bats (D:1)
  2 frilled lizards
  2 rats (D:3)
59 creatures vanquished.

Vanquished Creatures (others)
  2 plants (D:1)
2 creatures vanquished.

Grand Total: 61 creatures vanquished

Notes
Turn   | Place    | Note
-------+----------+-------------------------------------------
     0 | D:1      | Peloso the Minotaur Fighter began the quest for the Orb.
     0 | D:1      | Reached XP level 1. HP: 19/19 MP: 0/0
   533 | D:1      | Reached XP level 2. HP: 23/27 MP: 1/1
   710 | D:1      | Found a faded altar of an unknown god.
   879 | D:1      | Reached skill level 4 in Armour
  1136 | D:2      | Noticed Sigmund
  1160 | D:3      | Reached XP level 3. HP: 15/33 MP: 2/2
  1330 | D:3      | Found Obedes's Antique Armour Shoppe.
  1512 | D:3      | Found Hirheol's Armour Emporium.
  1733 | D:3      | Found Upisui's Magic Scroll Shoppe.
  1736 | D:3      | Bought a scroll of magic mapping for 49 gold pieces
  1736 | D:3      | Bought a scroll of identify for 28 gold pieces
  1777 | D:3      | Noticed Terence
  1801 | D:3      | Killed Terence
  1802 | D:3      | Reached skill level 1 in Dodging
  1802 | D:3      | Reached XP level 4. HP: 28/40 MP: 3/3
  1937 | D:4      | Noticed a scorpion
  1950 | D:4      | Killed a scorpion
  1951 | D:4      | Reached skill level 5 in Armour
  1951 | D:4      | Reached XP level 5. HP: 30/46 MP: 4/4
  2074 | D:4      | Found a staircase to the Ecumenical Temple.
  2086 | Temple   | Entered the Ecumenical Temple
  2219 | D:4      | Found a shimmering blue altar of Sif Muna.
  2233 | D:4      | Found a bloodstained altar of Trog.
  2233 | D:4      | Found a white marble altar of Elyvilon.
  2242 | D:4      | Found a hide-covered altar of Uskayaw.
  2242 | D:4      | Found a basalt altar of Yredelemnul.
  2291 | D:4      | Noticed Natasha
  2300 | D:4      | Killed Natasha
  2497 | D:4      | Reached skill level 1 in Unarmed Combat
  2765 | D:4      | Noticed Natasha
  2774 | D:4      | Killed Natasha
  2832 | D:4      | Noticed Natasha
  2865 | D:4      | Slain by Natasha

Illustrated notes

Levels and vault maps discovered:
D:1:      dpeg_arrival_simpleton_a, layout_loops_corners, serial_forest,
          infiniplex_forest_lined_room_2, infiniplex_forest_join,
          infiniplex_forest_clump_tiny, infiniplex_forest_clump_double,
          infiniplex_forest_lined_room_2, infiniplex_forest_end_1,
          basic_ecumenical_altar, minmay_strange_pillars
D:2:      layout_rooms, uniq_sigmund
D:3:      layout_basic, serial_shops, shop, nicolae_lakefront_shop,
          nicolae_shop_trees, uniq_terence
D:4:      cheibrodos_greedy_goblins, layout_cave_pools, lemuel_crystal_altar,
          grunt_temple_overflow_open, minmay_temple_entry_sparse_star,
          uniq_natasha
Temple:   zaba_magenta_temple

Skill      XL: |  1  2  3  4  5 |
---------------+----------------+-----
Shields        | 4 |  4.6
Armour         | 4 5 |  5.2
Fighting       | 4 |  4.9
Dodging        | 1 |  1.2
Long Blades    | 3 4 |  4.0
Unarmed Combat | 1 |  1.0

Action                   |  1- 3 |  4- 6 || total
-------------------------+-------+-------++-------
Melee: Long sword        |    68 |    71 ||   139
       Headbutt          |    11 |    10 ||    21
       Unarmed           |    20 |     6 ||    26
  Use: Potion            |       |     2 ||     2
Armor: Chain mail        |    38 |    39 ||    77
       Scale mail        |     3 |       ||     3
       Skin              |     1 |       ||     1
Dodge: Dodged            |    43 |    19 ||    62
Block: Buckler           |    22 |    24 ||    46
